 Dungeon Crawl Stone Soup version 0.29.0-4-gdea44cf6ec (webtiles) character file.

Game seed: 1836879736726947450

5030 qw the Cleaver (level 10, -3/80 HPs)
             Began as a Formicid Cinder Acolyte on Sept 4, 2022.
             Was an Initiate of Okawaru.
             Slain by a fire elemental (5 damage)
             ... created by the fiery vengeance of Ignis
             ... on level 9 of the Dungeon.
             The game lasted 00:04:49 (11672 turns).

qw the Cleaver (Formicid Cinder Acolyte)           Turns: 11672, Time: 00:04:50

Health: -3/80      AC: 23    Str: 22    XL:     10   Next: 85%
Magic:  11/11      EV:  7    Int: 15    God:    Okawaru [......]
Gold:   30         SH:  0    Dex:  9    Spells: 11/11 levels left

rFire   . . .      SeeInvis +   Y - +0 battleaxe (venom)
rCold   . . .      Faith    .   (no shield)
rNeg    . . .      Spirit   .   b - +1 plate armour
rPois   .          Reflect  .   (helmet unavailable)
rElec   .          Harm     .   f - +2 cloak
rCorr   .          Rampage  .   m - +2 pair of gloves
Will    +....                   d - +1 pair of boots
Stlth   ..........              (no amulet)
HPRegen 0.23/turn               (no ring)
MPRegen 0.12/turn               (no ring)

@: fire susceptible
A: permanent stasis, dig shafts and tunnels, antennae 3, four strong arms,
MP-powered wands
a: Dig, Shaft Self, Renounce Religion


You were on level 9 of the Dungeon.
You worshipped Okawaru.
Okawaru was noncommittal.
You visited 2 branches of the dungeon, and saw 10 of its levels.

You collected 465 gold pieces.
You spent 435 gold pieces at shops.


Innate Abilities, Weirdness & Mutations

You cannot be hasted, slowed, berserked, paralysed or teleported.
You can dig through walls and to a lower floor.
You have a pair of large antennae on your head. (SInv)
Your four strong arms can wield two-handed weapons with a shield.
You expend magic power (3 MP) to strengthen your wands.


   Skills:
 - Level 8.0 Fighting
 - Level 12.1 Axes
 - Level 1.0 Throwing
 + Level 7.3 Armour
 - Level 1.1 Dodging
 - Level 1.1 Spellcasting
 - Level 3.0 Fire Magic


You had 11 spell levels left.
You didn't know any spells.
Your spell library contained the following spells:

 Spells                   Type           Power      Damage    Failure   Level
 Scorch                   Fire           18%        2d6       87%         2

Inventory:

Hand Weapons
 a - a -1 hand axe of flaming
 Y - a +0 battleaxe of venom (weapon)
Armour
 b - a +1 plate armour (worn)
 d - a +1 pair of boots (worn)
 f - a +2 cloak (worn)
 m - a +2 pair of gloves (worn)
Scrolls
 e - 2 scrolls of identify
 j - a scroll of teleportation
Potions
 c - 5 potions of curing
 g - a potion of might
 l - 2 potions of mutation
 o - a potion of cancellation

Dungeon Overview and Level Annotations

Branches:
Dungeon (9/15)             Temple (1/1) D:7            Lair (0/5) D:9
    Orc: D:9-12

Altars:
Ashenzari
Elyvilon
Kikubaaqudgha
Makhleb
Nemelex Xobeh
Okawaru
Qazlal
Sif Muna
Trog
Uskayaw
Xom
Yredelemnul
Zin
The Shining One

Shops:
D:4 *   D:5 :((   D:8 *

Annotations:
D:5 2 runed translucent doors, Crazy Yiuf; qw's ghost, novice TeWr


Message History

The fire elemental barely misses you. The fire elemental hits you.
The fire elemental burns you! The fire elemental barely misses you.
The fire elemental hits you. x2; The fire elemental burns you!
The fire elemental barely misses you.
11667 ||| DRINKING 2 potions of heal wounds.
You feel much better. The fire elemental hits you.
The fire elemental burns you! The fire elemental hits you.
The fire elemental burns you! The fire elemental hits you.
You barely miss the fire elemental.
The fire elemental is almost destroyed.
You barely miss the fire elemental. You miss the fire elemental.
The fire elemental hits you. The fire elemental burns you!
The fire elemental closely misses you. The fire elemental hits you.
The fire elemental burns you!
11669 ||| DRINKING potion of heal wounds.
You feel much better. The fire elemental closely misses you.
The fire elemental hits you. The fire elemental burns you!
The fire elemental hits you. The fire elemental burns you!
The fire elemental closely misses you. The fire elemental barely misses you.
The fire elemental closely misses you.
You miss the fire elemental.
The fire elemental is almost destroyed.
You hit the fire elemental but do no damage.
You barely miss the fire elemental. The fire elemental hits you.
The fire elemental burns you! The fire elemental closely misses you.
The fire elemental hits you. The fire elemental burns you!
You closely miss the fire elemental.
The fire elemental is almost destroyed.
You hit the fire elemental. x2
The fire elemental completely misses you.
The fire elemental closely misses you. The fire elemental barely misses you.
You hit the fire elemental.
The fire elemental is almost destroyed.
You slash the fire elemental! You closely miss the fire elemental.
The fire elemental hits you. The fire elemental burns you!
The fire elemental closely misses you. The fire elemental hits you.
The fire elemental burns you!
You die...

#......#........
#.......#+######........
'..............
..............
#.....?...... .#
#.......... .#
###........# .#
#.......)E..# .# #.#
#@E..# .# #.# #E)..# .#
#.# #....# . .#+#### #.#
#....# . ......# #.#
#....# . . ###>#.# #.#
#.####.... . ....#.###.#
#.'....... .
....#.....######.#.......
.
....#............#######.
.


You could see 3 fire elementals.

Vanquished Creatures
  Joseph (D:9)
  Grinder (D:4)
  Prince Ribbit (D:5)
  A wyvern (D:6)
  5 fire elementals (D:9)
  A steam dragon (D:8)
  Edmund (D:5)
  4 water moccasins
  An ice beast (D:7)
  2 sky beasts
  An orc warrior (D:9)
  3 black bears
  5 ogres
  5 centaurs
  3 kobold brigands
  A necrophage (D:5)
  4 bullfrogs
  4 scorpions
  4 wights
  5 killer bees
  A howler monkey (D:7)
  A hound (D:5)
  A gnoll bouda (D:9)
  2 jellies
  6 orc priests
  10 orc wizards
  2 iguanas
  7 adders
  5 gnolls (D:9)
  2 white imps
  3 ufetubi
  5 dart slugs
  25 orcs
  11 ball pythons
  3 bats (D:1)
  10 endoplasms
  3 giant cockroaches
  2 goblins
  6 hobgoblins
  4 jackals (D:1)
  3 quokkas
  A frilled lizard (D:2)
  23 kobolds
  8 rats
197 creatures vanquished.

Vanquished Creatures (others)
  6 plants
6 creatures vanquished.

Grand Total: 203 creatures vanquished

Notes
Turn   | Place    | Note
-------+----------+-------------------------------------------
     0 | D:1      | qw the Formicid Cinder Acolyte began the quest for the Orb.
     0 | D:1      | Reached XP level 1. HP: 18/18 MP: 2/2
     0 | D:1      | 0 ||| qw: Version: 0.1-a-102-g441f92d
     0 | D:1      | 0 ||| qw: Game counter: 5299
     0 | D:1      | 0 ||| qw: Always use a shield: true
     0 | D:1      | 0 ||| qw: God list: Okawaru
     0 | D:1      | 0 ||| qw: Allow faded altars: false
     0 | D:1      | 0 ||| qw: Do Orc after D:15 true
     0 | D:1      | 0 ||| qw: Do second Lair branch before Depths: true
     0 | D:1      | 0 ||| qw: Lair rune preference: random
     0 | D:1      | 0 ||| qw: Plans: Normal
     0 | D:1      | 0 ||| PLANNING D:1-11
   139 | D:1      | 139 ||| SWAPPING to +0 war axe.
   170 | D:1      | Reached XP level 2. HP: 23/24 MP: 3/3
   198 | D:1      | 198 ||| Stepping ~*~*~tactically~*~*~ (stealth).
   239 | D:1      | You fall into a shaft and drop 1 floor!
   253 | D:2      | 253 ||| Stepping ~*~*~tactically~*~*~ (stealth).
   299 | D:2      | Reached skill level 4 in Axes
   299 | D:2      | Reached XP level 3. HP: 20/29 MP: 4/4
   593 | D:2      | 593 ||| UPGRADING to +0 cloak.
   598 | D:2      | 598 ||| UPGRADING to +0 leather armour.
   608 | D:2      | 608 ||| DROPPING +0 robe.
   609 | D:2      | 609 ||| READING scroll labelled XYLOUT NIZOOVUSO.
   610 | D:2      | 610 ||| READING scroll labelled KOOMUU COOLY.
   611 | D:2      | 611 ||| READING scroll labelled NIAJE ZOHOX.
   612 | D:2      | 612 ||| Stepping randomly (stuck).
   613 | D:2      | 613 ||| Stepping ~*~*~tactically~*~*~ (cloud).
   635 | D:2      | 635 ||| Stepping ~*~*~tactically~*~*~ (stealth).
   662 | D:2      | 662 ||| FLEEEEING.
   663 | D:2      | 663 ||| FLEEEEING.
   664 | D:2      | 664 ||| FLEEEEING.
   665 | D:2      | 665 ||| FLEEEEING.
   666 | D:2      | 666 ||| FLEEEEING.
   667 | D:2      | 667 ||| FLEEEEING.
   668 | D:2      | 668 ||| FLEEEEING.
   669 | D:2      | 669 ||| FLEEEEING.
   670 | D:2      | 670 ||| STAIRDANCE
  1258 | D:1      | Found a faded altar of an unknown god.
  1526 | D:1      | Reached XP level 4. HP: 35/35 MP: 5/5
  1631 | D:1      | 1631 ||| UPGRADING to +0 ring mail.
  1641 | D:1      | 1641 ||| DROPPING +0 leather armour.
  1642 | D:1      | 1642 ||| READING scroll labelled VUNURH WEOX.
  1643 | D:1      | 1643 ||| READING 3 scrolls labelled NUSAAT HAEDAM.
  1644 | D:1      | 1644 ||| READING 2 scrolls of enchant armour.
  1644 | D:1      | 1644 ||| ENCHANTING +0 cloak.
  1645 | D:1      | 1645 ||| READING scroll of enchant armour.
  1645 | D:1      | 1645 ||| ENCHANTING +1 cloak.
  1646 | D:1      | 1646 ||| DRINKING 2 brown potions.
  1820 | D:2      | 1820 ||| Stepping ~*~*~tactically~*~*~ (hiding).
  1999 | D:2      | Reached skill level 1 in Armour
  2514 | D:2      | 2514 ||| UPGRADING to +0 scale mail.
  2524 | D:2      | 2524 ||| DROPPING +0 ring mail.
  2525 | D:2      | 2525 ||| READING 3 scrolls labelled ISHRIM DUSERCH.
  2526 | D:2      | 2526 ||| DRINKING 2 bubbling red potions.
  2527 | D:2      | 2527 ||| READING 3 scrolls of identify.
  2527 | D:2      | 2527 ||| IDENTIFYING purple potion
  2528 | D:2      | 2528 ||| READING 2 scrolls of identify.
  2528 | D:2      | 2528 ||| IDENTIFYING orange potion
  2529 | D:2      | 2529 ||| DROPPING potion of flight.
  2530 | D:2      | 2530 ||| DROPPING 2 scrolls of magic mapping.
  2531 | D:2      | 2531 ||| DROPPING potion of degeneration.
  2648 | D:3      | 2648 ||| INVOKING Fiery Armour.
  2926 | D:3      | Found a shimmering blue altar of Sif Muna.
  2931 | D:3      | Reached skill level 1 in Throwing
  3300 | D:3      | 3300 ||| Stepping ~*~*~tactically~*~*~ (hiding).
  3500 | D:3      | 3500 ||| UPGRADING to +0 chain mail.
  3510 | D:3      | 3510 ||| DROPPING +0 scale mail.
  3511 | D:3      | 3511 ||| UPGRADING to +0 pair of gloves.
  3516 | D:3      | 3516 ||| READING scroll of enchant armour.
  3516 | D:3      | 3516 ||| ENCHANTING +0 pair of gloves.
  3517 | D:3      | 3517 ||| READING 2 scrolls labelled COGOTI GOGE.
  3518 | D:3      | 3518 ||| DRINKING 2 bubbling purple potions.
  3518 | D:3      | Gained mutation: You expend magic power (3 MP) to
                  | strengthen your wands. [potion of mutation]
  3519 | D:3      | 3519 ||| READING 3 scrolls of identify.
  3519 | D:3      | 3519 ||| IDENTIFYING viscous sapphire potion
  3520 | D:3      | 3520 ||| READING 2 scrolls of identify.
  3520 | D:3      | 3520 ||| IDENTIFYING amethyst potion
  3521 | D:3      | 3521 ||| DROPPING potion of brilliance.
  3575 | D:4      | Noticed a bullfrog
  3579 | D:4      | Killed a bullfrog
  3580 | D:4      | Reached XP level 5. HP: 41/41 MP: 6/6
  3586 | D:4      | 3586 ||| Stepping ~*~*~tactically~*~*~ (stealth).
  3592 | D:4      | 3592 ||| Stepping ~*~*~tactically~*~*~ (stealth).
  3594 | D:4      | 3594 ||| Stepping ~*~*~tactically~*~*~ (stealth).
  3596 | D:4      | 3596 ||| Stepping ~*~*~tactically~*~*~ (stealth).
  3599 | D:4      | Reached skill level 5 in Axes
  3599 | D:4      | 3599 ||| Stepping ~*~*~tactically~*~*~ (stealth).
  3599 | D:4      | Noticed a black bear
  3600 | D:4      | 3600 ||| Stepping ~*~*~tactically~*~*~ (stealth).
  3605 | D:4      | 3605 ||| INVOKING Fiery Armour.
  3612 | D:4      | Killed a black bear
  3613 | D:4      | Reached XP level 6. HP: 38/47 MP: 7/7
  3617 | D:4      | Reached skill level 6 in Axes
  3688 | D:4      | Noticed an ogre
  3689 | D:4      | Noticed an ogre
  3694 | D:4      | Killed an ogre
  3695 | D:4      | Reached XP level 7. HP: 52/54 MP: 8/8
  3713 | D:4      | 3713 ||| FLEEEEING.
  3728 | D:4      | 3728 ||| FLEEEEING.
  3729 | D:4      | 3729 ||| FLEEEEING.
  3730 | D:4      | 3730 ||| FLEEEEING.
  3731 | D:4      | 3731 ||| FLEEEEING.
  3732 | D:4      | 3732 ||| STAIRDANCE
  3898 | D:4      | Found Isushox's Assorted Antiques.
  3902 | D:4      | 3902 ||| Stepping ~*~*~tactically~*~*~ (stealth).
  3918 | D:4      | 3918 ||| SHOPLISTING distressingly furry chain mail (218
                  | gold, have 195).
  3918 | D:4      | 3918 ||| BUYING inky potion (20 gold).
  3918 | D:4      | Bought an inky potion for 20 gold pieces
  3918 | D:4      | 3918 ||| BUYING scroll labelled ADAYM LATHRUD (23 gold).
  3918 | D:4      | Bought a scroll labelled ADAYM LATHRUD for 23 gold pieces
  3918 | D:4      | 3918 ||| BUYING scroll of identify (46 gold).
  3918 | D:4      | Bought a scroll of identify for 46 gold pieces
  3918 | D:4      | 3918 ||| BUYING scroll of identify (46 gold).
  3918 | D:4      | Bought a scroll of identify for 46 gold pieces
  4049 | D:4      | 4049 ||| Stepping ~*~*~tactically~*~*~ (stealth).
  4052 | D:4      | 4052 ||| Stepping ~*~*~tactically~*~*~ (stealth).
  4111 | D:4      | Noticed Grinder
  4125 | D:4      | 4125 ||| INVOKING Fiery Armour.
  4135 | D:4      | Killed Grinder
  4136 | D:4      | Reached skill level 7 in Axes
  4136 | D:4      | Reached XP level 8. HP: 41/60 MP: 9/9
  4303 | D:4      | 4303 ||| Stepping ~*~*~tactically~*~*~ (hiding).
  4308 | D:4      | Reached skill level 1 in Dodging
  4355 | D:4      | 4355 ||| Stepping ~*~*~tactically~*~*~ (stealth).
  4362 | D:4      | 4362 ||| Stepping ~*~*~tactically~*~*~ (stealth).
  4371 | D:4      | 4371 ||| DRINKING potion of curing.
  4371 | D:4      | 4371 ||| (to cure confusion)
  4408 | D:4      | 4408 ||| UPGRADING to +0 plate armour.
  4418 | D:4      | 4418 ||| DROPPING +0 chain mail.
  4419 | D:4      | 4419 ||| READING scroll labelled ADAYM LATHRUD.
  4420 | D:4      | 4420 ||| DRINKING 2 inky potions.
  4471 | D:4      | 4471 ||| DROPPING potion of lignification.
  4482 | D:5      | Entered Level 5 of the Dungeon
  4554 | D:5      | Found a runed translucent door.
  4555 | D:5      | Noticed Crazy Yiuf
  4672 | D:5      | Noticed qw's ghost (novice TeWr)
  4679 | D:5      | Found a runed translucent door.
  4724 | D:5      | 4724 ||| INVOKING Fiery Armour.
  4725 | D:5      | HP: 11/60 [centaur/arrow (11)]
  4726 | D:5      | 4726 ||| DRINKING potion of heal wounds.
  4729 | D:5      | Reached skill level 8 in Axes
  4924 | D:5      | Noticed Edmund
  4944 | D:5      | Killed Edmund
  5156 | D:5      | Found Rimei's Antique Weapon Emporium.
  5162 | D:5      | 5162 ||| SHOPLISTING broad axe (96 gold, have 85).
  5210 | D:5      | 5210 ||| INVOKING Fiery Armour.
  5210 | D:5      | HP: 7/62 [ogre/+0 giant club (16)]
  5528 | D:5      | 5528 ||| Stepping ~*~*~tactically~*~*~ (hiding).
  5530 | D:5      | 5530 ||| Stepping ~*~*~tactically~*~*~ (hiding).
  5595 | D:5      | Found Tighaistror's Book Shoppe.
  5668 | D:5      | Noticed Prince Ribbit
  5689 | D:5      | Killed Prince Ribbit
  5690 | D:5      | Reached skill level 9 in Axes
  5941 | D:5      | Found Lunun's Weapon Emporium.
  5953 | D:5      | Reached XP level 9. HP: 63/68 MP: 10/10
  5983 | D:5      | 5983 ||| SHOPLISTING +2 war axe of flaming (256 gold, have
                  | 91).
  6045 | D:5      | 6045 ||| DROPPING +6 ring of intelligence.
  6046 | D:5      | 6046 ||| READING 3 scrolls of identify.
  6046 | D:5      | 6046 ||| IDENTIFYING golden potion
  6047 | D:5      | 6047 ||| READING 2 scrolls of identify.
  6047 | D:5      | 6047 ||| IDENTIFYING pink potion
  6048 | D:5      | 6048 ||| DROPPING potion of attraction.
  6049 | D:5      | 6049 ||| DROPPING potion of berserk rage.
  6100 | D:6      | 6100 ||| FLEEEEING.
  6101 | D:6      | 6101 ||| FLEEEEING.
  6102 | D:6      | 6102 ||| FLEEEEING.
  6103 | D:6      | 6103 ||| STAIRDANCE
  6257 | D:6      | 6257 ||| READING scroll of enchant armour.
  6257 | D:6      | 6257 ||| ENCHANTING +1 pair of gloves.
  6280 | D:6      | 6280 ||| READING scroll of enchant armour.
  6280 | D:6      | 6280 ||| ENCHANTING +0 plate armour.
  6315 | D:6      | Reached skill level 6 in Fighting
  6375 | D:6      | 6375 ||| Stepping ~*~*~tactically~*~*~ (stealth).
  6552 | D:6      | 6552 ||| Stepping ~*~*~tactically~*~*~ (stealth).
  6570 | D:6      | Reached skill level 10 in Axes
  6992 | D:6      | Reached skill level 6 in Armour
  7279 | D:6      | Found a hide-covered altar of Uskayaw.
  7280 | D:6      | 7280 ||| INVOKING Fiery Armour.
  7362 | D:6      | 7362 ||| UPGRADING to +0 pair of boots.
  7422 | D:7      | 7422 ||| INVOKING Fiery Armour.
  7436 | D:7      | 7436 ||| FLEEEEING.
  7437 | D:7      | 7437 ||| FLEEEEING.
  7446 | D:7      | Reached XP level 10. HP: 44/79 MP: 11/11
  7447 | D:7      | 7447 ||| FLEEEEING.
  7462 | D:7      | 7462 ||| Stepping ~*~*~tactically~*~*~ (stealth).
  7609 | D:7      | 7609 ||| READING scroll of enchant armour.
  7609 | D:7      | 7609 ||| ENCHANTING +0 pair of boots.
  7656 | D:7      | 7656 ||| Stepping ~*~*~tactically~*~*~ (stealth).
  7660 | D:7      | 7660 ||| Stepping ~*~*~tactically~*~*~ (stealth).
  7661 | D:7      | 7661 ||| Stepping ~*~*~tactically~*~*~ (stealth).
  7669 | D:7      | 7669 ||| INVOKING Fiery Armour.
  7776 | D:7      | 7776 ||| Stepping ~*~*~tactically~*~*~ (stealth).
  7811 | D:7      | HP: 17/79 [ogre/+0 giant spiked club (24)]
  7812 | D:7      | 7812 ||| DRINKING 2 potions of heal wounds.
  8020 | D:7      | Found a staircase to the Ecumenical Temple.
  8180 | D:7      | 8180 ||| READING scroll labelled YCVYTT OGEAT.
  8181 | D:7      | 8181 ||| READING scroll labelled OGAITA GIEPO.
  8365 | D:8      | 8365 ||| INVOKING Fiery Armour.
  8373 | D:8      | Reached skill level 11 in Axes
  8391 | D:8      | 8391 ||| FLEEEEING.
  8392 | D:8      | 8392 ||| STAIRDANCE
  8541 | D:8      | 8541 ||| STAIRDANCE
  8564 | D:8      | 8564 ||| STAIRDANCE
  8572 | D:8      | 8572 ||| STAIRDANCE
  8582 | D:7      | 8582 ||| INVOKING Fiery Armour.
  8590 | D:7      | HP: 20/80 [poisoned by a killer bee]
  8854 | D:8      | 8854 ||| INVOKING Fiery Armour.
  8864 | D:8      | 8864 ||| FLEEEEING.
  8865 | D:8      | 8865 ||| STAIRDANCE
  9002 | D:8      | 9002 ||| SWAPPING to +0 battleaxe.
  9005 | D:8      | 9005 ||| FLEEEEING.
  9006 | D:8      | 9006 ||| STAIRDANCE
  9096 | D:7      | 9096 ||| DROPPING +0 war axe.
  9101 | D:8      | 9101 ||| STAIRDANCE
  9114 | D:7      | 9114 ||| READING 2 scrolls of identify.
  9114 | D:7      | 9114 ||| IDENTIFYING puce potion
  9115 | D:7      | 9115 ||| DROPPING potion of magic.
  9119 | D:8      | 9119 ||| STAIRDANCE
  9132 | D:8      | 9132 ||| Stepping ~*~*~tactically~*~*~ (stealth).
  9155 | D:8      | 9155 ||| INVOKING Fiery Armour.
  9304 | D:8      | 9304 ||| FLEEEEING.
  9305 | D:8      | 9305 ||| STAIRDANCE
  9424 | D:8      | 9424 ||| STAIRDANCE
  9621 | D:8      | Found a shimmering altar of Xom.
  9625 | D:8      | Found a white marble altar of Elyvilon.
  9643 | D:8      | Found a burning altar of Makhleb.
  9721 | D:8      | Found a stormy altar of Qazlal.
  9891 | D:8      | Found Bozijoli's General Store.
  9896 | D:8      | 9896 ||| BUYING potion of cancellation (112 gold).
  9896 | D:8      | Bought a potion of cancellation for 112 gold pieces
  9896 | D:8      | 9896 ||| BUYING potion of heal wounds (70 gold).
  9896 | D:8      | Bought a potion of heal wounds for 70 gold pieces
  9896 | D:8      | 9896 ||| BUYING scroll of identify (28 gold).
  9896 | D:8      | Bought a scroll of identify for 28 gold pieces
 10180 | D:8      | 10180 ||| PLANNING TEMPLE
 10180 | D:8      | 10180 ||| READING scroll labelled SIDGHIW LING.
 10181 | D:8      | 10181 ||| READING scroll labelled KYVOED BEIFRE.
 10213 | Temple   | Entered the Ecumenical Temple
 10216 | Temple   | 10216 ||| PLANNING CONVERSION TO OKAWARU
 10227 | Temple   | Fell from the grace of Ignis
 10227 | Temple   | Became a worshipper of Warmaster Okawaru
 10228 | Temple   | 10228 ||| PLANNING D:1-11
 10350 | D:9      | 10350 ||| Stepping ~*~*~tactically~*~*~ (hiding).
 10351 | D:9      | 10351 ||| Stepping ~*~*~tactically~*~*~ (hiding).
 10353 | D:9      | 10353 ||| Stepping ~*~*~tactically~*~*~ (hiding).
 10358 | D:9      | 10358 ||| Stepping ~*~*~tactically~*~*~ (stealth).
 10487 | D:9      | 10487 ||| Stepping ~*~*~tactically~*~*~ (stealth).
 10512 | D:9      | 10512 ||| Stepping ~*~*~tactically~*~*~ (hiding).
 10515 | D:9      | 10515 ||| Stepping ~*~*~tactically~*~*~ (hiding).
 10516 | D:9      | 10516 ||| Stepping ~*~*~tactically~*~*~ (hiding).
 10517 | D:9      | 10517 ||| Stepping ~*~*~tactically~*~*~ (hiding).
 10684 | D:9      | Found a sparkling altar of Nemelex Xobeh.
 10937 | D:9      | Found a glowing silver altar of Zin.
 10938 | D:9      | Found Zin's Purification Station.
 10945 | D:9      | 10945 ||| BUYING potion of curing (90 gold).
 10945 | D:9      | Bought a potion of curing for 90 gold pieces
 10980 | D:9      | Noticed Joseph
 10981 | D:9      | 10981 ||| FLEEEEING.
 10982 | D:9      | 10982 ||| FLEEEEING.
 10983 | D:9      | 10983 ||| FLEEEEING.
 10987 | D:9      | 10987 ||| STAIRDANCE
 11031 | D:9      | 11031 ||| STAIRDANCE
 11069 | D:9      | 11069 ||| Stepping ~*~*~tactically~*~*~ (hiding).
 11078 | D:9      | Killed Joseph
 11078 | D:9      | Reached * piety under Okawaru
 11079 | D:9      | Reached skill level 12 in Axes
 11196 | D:9      | 11196 ||| INVOKING Heroism.
 11509 | D:9      | 11509 ||| Stepping ~*~*~tactically~*~*~ (hiding).
 11551 | D:9      | Found a staircase to the Lair.
 11660 | D:9      | HP: 20/80 [fire elemental[the fiery vengeance of Ignis]
                  | (2)]
 11661 | D:9      | 11661 ||| DRINKING 5 potions of heal wounds.
 11663 | D:9      | 11663 ||| DRINKING 4 potions of heal wounds.
 11664 | D:9      | HP: 1/80 [fire elemental[the fiery vengeance of Ignis]
                  | (12)]
 11665 | D:9      | 11665 ||| DRINKING 3 potions of heal wounds.
 11667 | D:9      | 11667 ||| DRINKING 2 potions of heal wounds.
 11669 | D:9      | 11669 ||| DRINKING potion of heal wounds.
 11669 | D:9      | HP: 18/80 [fire elemental[the fiery vengeance of Ignis]
                  | (14)]
 11670 | D:9      | HP: 6/80 [fire elemental[the fiery vengeance of Ignis] (9)]
 11672 | D:9      | HP: 2/80 [fire elemental[the fiery vengeance of Ignis] (5)]
 11672 | D:9      | Slain by a fire elemental

Levels and vault maps discovered:
D:1:      nzn_arrival_crosshair, layout_loops_ring,
          ebering_ecumenical_altar_webs, serial_forest,
          infiniplex_forest_clump_long, infiniplex_forest_end_1,
          infiniplex_forest_clump_small, infiniplex_forest_straight_2,
          infiniplex_forest_lined_4_way, infiniplex_forest_zigzag_2
D:2:      layout_loops_corners, grunt_decor_fettered
D:3:      layout_basic, mainiacjoe_overflow_brackets, kennysheep_flooded_box
D:4:      layout_rooms, serial_shops, nicolae_shop_overgrown_old_shop,
          uniq_grinder
D:5:      layout_basic, hellmonk_ghost_happy_afterlife, serial_shops,
          nicolae_square_shop, nicolae_shop_stone, kennysheep_little_box,
          uniq_crazy_yiuf_cottage, uniq_edmund, uniq_prince_ribbit1
D:6:      layout_basic, nicolae_uskayaw_dance_studio
D:7:      minmay_general_purpose_star, layout_cave_pools
D:8:      layout_rooms, overflow_temple_1_default, kennysheep_mini_moat,
          nicolae_qazlal_style_of_elements, lemuel_round_altar, serial_shops,
          nicolae_shop_hallway_plus, dreamdust_princess_corridor
D:9:      layout_irregular_city, zin_purify, nemelex_spade_bored_becter,
          lair_entry_dummy, uniq_joseph
Temple:   eino_temple_water

Skill      XL: |  1  2  3  4  5  6  7  8  9 10 |
---------------+-------------------------------+-----
Axes           | 4 5 6 7 9 10 12 | 12.1
Armour         | 2 4 6 7 |  7.3
Throwing       | 1 |  1.0
Fighting       | 4 5 7 8 |  8.0
Dodging        | 1 |  1.1
Spellcasting   | |  1.1
Fire Magic     | |  3.0

Action                   |  1- 3 |  4- 6 |  7- 9 | 10-12 || total
-------------------------+-------+-------+-------+-------++-------
Melee: Hand axe          |     7 |       |       |       ||     7
       War axe           |    74 |    93 |   224 |    79 ||   470
       Punch             |       |       |     3 |     2 ||     5
       Battleaxe         |       |       |       |   145 ||   145
Throw: Boomerang         |       |    21 |    12 |     4 ||    37
Invok: Fiery Armour      |       |     2 |     5 |     5 ||    12
       Heroism           |       |       |       |     1 ||     1
  Use: Scroll            |     3 |    11 |     5 |     6 ||    25
       Potion            |       |     3 |     3 |     6 ||    12
Armor: Robe              |     8 |       |       |       ||     8
       Leather armour    |    21 |       |       |       ||    21
       Scale mail        |       |    24 |       |       ||    24
       Ring mail         |       |     9 |       |       ||     9
       Chain mail        |       |    10 |    22 |       ||    32
       Plate armour      |       |       |   162 |   271 ||   433
Dodge: Dodged            |    53 |    54 |    87 |   126 ||   320

Table legend:
 A = Non-vault XP
 B = Vault XP
 C = Vault XP percentage of total XP
 D = Non-vault monster count
 E = Vault monster count
 F = Vault count percentage of total count
                 A         B        C        D         E       F
            +---------+---------+-------+---------+---------+-------
      Total |    5800 |    1386 |  19.3 |     178 |      14 |   7.3
            +---------+---------+-------+---------+---------+-------
        D:1 |      40 |       0 |   0.0 |      23 |       0 |   0.0
        D:2 |      47 |       0 |   0.0 |      20 |       0 |   0.0
        D:3 |      51 |       0 |   0.0 |      17 |       0 |   0.0
        D:4 |     734 |     290 |  28.3 |      22 |       1 |   4.3
        D:5 |     423 |     438 |  50.9 |       8 |       2 |  20.0
        D:6 |    1345 |     110 |   7.6 |      16 |       7 |  30.4
        D:7 |    1174 |     156 |  11.7 |      26 |       3 |  10.3
        D:8 |    1237 |       0 |   0.0 |      24 |       0 |   0.0
        D:9 |     749 |     392 |  34.4 |      22 |       1 |   4.3
            +---------+---------+-------+---------+---------+-------
